[Event "Late-Titled-Tuesday-Blitz-May-07-2024"]
[Site "Chess.com"]
[Date "2024.05.07"]
[Round "10"]
[White "ChessWarrior7197"]
[Black "moro182"]
[Result "1/2-1/2"]
[WhiteElo "3147"]
[BlackElo "2921"]
[TimeControl "180+1"]
[EndTime "15:57:30 PDT"]
[Termination "Game drawn by repetition"]

1. e4 g6 2. d4 Bg7 3. c4 d6 4. Nc3 c5 5. Nf3 Nc6 6. d5 Nd4 7. Be2 Nxe2 8. Qxe2 Bg4 9. O-O Nf6 10. Bg5 Nd7 11. h3 Bxc3 12. hxg4 Bg7 13. Bf4 Ne5 14. Nxe5 Bxe5 15. Be3 Qd7 16. f4 Bg7 17. Rae1 O-O 18. Bf2 e6 19. dxe6 Qxe6 20. Bg3 Rfe8 21. b3 Bd4+ 22. Kh2 f5 23. e5 fxg4 24. Qe4 Rad8 25. Bh4 Rd7 26. g3 dxe5 27. f5 gxf5 28. Rxf5 Rg7 29. Rf6 Qd7 30. Ref1 Bc3 31. R6f2 Bd4 32.
Rf5 Bc3 33. Bg5 Qc6 34. Qe2 e4 35. Bh4 e3 36. R1f4 Qd7 37. Qf1 Qd2+ 38. Kh1 Qd6 39. Rd5 Qxd5+ 40. cxd5 e2 41. Rf8+ Rxf8 42. Qxe2 Bd4 43.
Qe6+ Kh8 44. Be7 Rf1+ 45. Kg2 Rf2+ 46. Kh1 Rf1+ 47. Kg2 Rf2+ 48. Kh1 Rg6 49. Qc8+ Kg7 50. d6 Rf1+ 51. Kg2 Rf2+ 52. Kh1 Rf1+ 53. Kg2 Rf2+ 54. Kh1 1/2-1/2

[Event "Late-Titled-Tuesday-Blitz-May-07-2024"]
[Site "Chess.com"]
[Date "2024.05.07"]
[Round "10"]
[White "Fins0905"]
[Black "sergiochess83"]
[Result "0-1"]
[WhiteElo "2735"]
[BlackElo "2893"]
[TimeControl "180+1"]
[EndTime "15:57:33 PDT"]
[Termination "sergiochess83 won on time"]

1. Nf3 d5 2. d4 Nf6 3. c4 c6 4. cxd5 cxd5 5. Nc3 Nc6 6. Bf4 Bf5 7. e3 e6 8. Qb3 Bb4 9. Bb5 O-O 10. O-O Qa5 11. Rfc1 Rfc8 12. a3 Bf8 13. Bf1 Nd8 14.
h3 h6 15. Qd1 Ne4 16. Nxe4 Bxe4 17. Nd2 Bg6 18. b4 Qb6 19. Nb3 Nc6 20. Nc5 Bxc5 21. bxc5 Qa5 22. Qb3 b6 23. Bb5 a6 24. Be2 b5 25. a4 b4 26. Ra2 Qd8 27. Bd6 a5 28. Bb5 f6 29. Re2 Na7 30. Ba6 Nc6 31. Bxc8 Qxc8 32.
Rd1 Qa6 33. Qb2 Ra7 34. f3 Bd3 35. Red2 Bc4 36. e4 Rf7 37. Re1 Kh7 38. Qc1 Kg8 39.
Rc2 b3 40. Rc3 Nb4 41. Qd2 Nc2 42. Rxc2 bxc2 43. Qxc2 Qb7 44. exd5 Qxd5 45. Qc3 Rb7 46. Rd1 Bb3 47. Rb1 Bxa4 48. Rxb7 Qxb7 49. Qxa5 Bb3 50. Qd8+ Kh7 51. Kh2 Bd5 52. Qe7 Qb2 53. Kg3 Qxd4 54. Bf4 Qc3 55. Qd6 Qe1+ 56. Kh2 Qe2 57. Bg3 Bxf3 0-1

[Event "Late-Titled-Tuesday-Blitz-May-07-2024"]
[Site "Chess.com"]
[Date "2024.05.07"]
[Round "10"]
[White "NMJeevanK"]
[Black "cthulhuuu"]
[Result "1/2-1/2"]
[WhiteElo "2745"]
[BlackElo "2557"]
[TimeControl "180+1"]
[EndTime "15:57:33 PDT"]
[Termination "Game drawn by stalemate"]

1. e4 d6 2. d4 Nf6 3. Nc3 c6 4. h3 b5 5. a3 e5 6. dxe5 dxe5 7. Qxd8+ Kxd8 8. Bg5 Kc7 9. O-O-O Nbd7 10. f4 Bd6 11. Bxb5 h6 12. Bxf6 Nxf6 13. f5 Bxa3 14. bxa3 cxb5 15.
Nxb5+ Kc6 16. Nc3 Ba6 17. Nf3 Rhe8 18. Rd2 Rac8 19. Rhd1 Kb7 20. Na4 Nxe4 21. Rd7+ Rc7 22. Rxc7+ Kxc7 23. Rd5 f6 24. Ra5 Kb7 25. Rd5 Re7 26. Nd2 Nxd2 27. Kxd2 Bf1 28. g4 Bxh3 29. Rb5+ Kc6 30. Rb4 Rd7+ 31. Ke3 Rd4 32. Rxd4 exd4+ 33. Kxd4 Bxg4 34. Ke4 Bd1 35. Kd3 h5 36. Nc3 Bg4 37. Ke4 h4 38. Kf4 h3 39. Ne4 Bd1 40. c3 h2 41. Nf2 Bc2 42. Kg3 Bxf5 43. Kxh2 Kc5 44.
Kg3 Kc4 45. Kf4 g6 46. Nd1 Kb3 47. Ne3 Kxa3 48. c4 Kb4 49. Kf3 a5 50. Nd5+ Kxc4 51. Nxf6 a4 52. Ke3 a3 53. Kf4 a2 54. Kg5 a1=Q 55.
Ng8 Qg7 56. Nh6 Qxh6+ 57. Kxh6 Kd4 58. Kg5 Ke3 59. Kh4 Kf4 1/2-1/2

[Event "Late-Titled-Tuesday-Blitz-May-07-2024"]
[Site "Chess.com"]
[Date "2024.05.07"]
[Round "10"]
[White "yaguigor"]
[Black "SergioMoralesG"]
[Result "0-1"]
[WhiteElo "2587"]
[BlackElo "2500"]
[TimeControl "180+1"]
[EndTime "15:57:34 PDT"]
[Termination "SergioMoralesG won on time"]

1. e4 c5 2. Nf3 e6 3. d4 cxd4 4. Nxd4 Nc6 5. Nc3 Qc7 6. Be3 a6 7. Qd2 Nf6 8. f4 Bb4 9. Bd3 b5 10. a3 Ba5 11. Nb3 Bb6 12. e5 Nxe5 13. fxe5 Qxe5 14.
Ke2 Ng4 15. Nd1 f5 16. Qc3 Qxc3 17. bxc3 Nxe3 18. Nxe3 Bb7 19. Rhg1 Rc8 20. Kd2 f4 21. Ng4 Bxg1 22. Rxg1 O-O 23. Nd4 Rce8 24. Nf3 d6 25. c4 e5 26. Be2 e4 27. Nd4 f3 28. gxf3 exf3 29. Bd3 Rf4 30. Nf5 f2 31. Nxf2 Rxf2+ 32. Kc3 Kf8 33. Nxd6 Re7 34. c5 Rc7 35. Kb4 Rf4+ 36.
c4 Bd5 37. Rc1 bxc4 38. Nxc4 h5 39. Ka5 Rxc5+ 40. Kb6 Rcxc4 41. Bxc4 Bxc4 42. Re1 h4 43. Re5 Kf7 44. Rh5 Kf6 45. Rh8 g5 46. a4 g4 47.
a5 g3 48. hxg3 hxg3 49. Rh6+ Kg5 50. Rh3 Kg4 51. Rh7 Kf3 52. Rg7 g2 53. Rg5 Rg4 54. Rf5+ Kg3 0-1

[Event "Late-Titled-Tuesday-Blitz-May-07-2024"]
[Site "Chess.com"]
[Date "2024.05.07"]
[Round "10"]
[White "ToddBryant"]
[Black "hikaruchija"]
[Result "0-1"]
[WhiteElo "2401"]
[BlackElo "2520"]
[TimeControl "180+1"]
[EndTime "15:57:34 PDT"]
[Termination "hikaruchija won by checkmate"]

1. e4 g6 2. d4 Bg7 3. Nc3 d6 4. Be3 a6 5. Bd3 b5 6. Nf3 Bb7 7. h4 h6 8. e5 e6 9. Ne4 Bxe4 10.
Bxe4 d5 11. Bd3 Nd7 12. Qd2 c5 13. c3 Ne7 14. h5 g5 15. Nxg5 hxg5 16. Bxg5 cxd4 17.
cxd4 Qb6 18. h6 Bf8 19. Qf4 Nc6 20. Bf6 Nxf6 21. Qxf6 Bb4+ 22. Kf1 Kd7 23. Qxf7+ Be7 24. Rc1 Qxd4 25. Rxc6 Qxd3+ 26. Kg1 Qd1+ 27. Kh2 Rxh6+ 28. Kg3 Qd3+ 29. f3 Qg6+ 30. Qxg6 Rxg6+ 31. Kf2 Kxc6 32. Rh7 Kd7 33. f4 Rc8 34. g4 Rc4 35. Kf3 Rg8 36. f5 Rf8 37. f6 Re8 38. g5 Kd8 39. g6 Re4 40. fxe7+ Rxe7 41. g7 Rxg7 42. Rxg7 Rxe5 43. Ra7 Re4 44. Rxa6 Rb4 45. b3 Re4 46. Rb6 b4 47. Rb7 Kc8 48. Ra7 Kb8 49. Re7 e5 50.
Rd7 Rd4 51. Re7 e4+ 52. Kf4 Rd2 53. Rd7 Kc8 54. Rg7 Rd3 55. Ra7 e3 56. Kf3 d4 57.
Ra4 Rd2 58. Rxb4 e2 59. Kf2 d3 60. Rc4+ Kb7 61. Re4 Rd1 62. a4 Rf1+ 63. Kg2 e1=Q 64. Rxe1 Rxe1 65. Kf2 d2 66. Kf3 d1=Q+ 67. Kf4 Qxb3 68.
Kf5 Qxa4 69. Kg6 Re5 70. Kf7 Rb5 71. Kg6 Kc6 72. Kf6 Qa6 73. Kg6 Kb6 74. Kf6 Ka5+ 75.
Kg7 Rb7+ 76. Kf8 Qa8# 0-1

[Event "Late-Titled-Tuesday-Blitz-May-07-2024"]
[Site "Chess.com"]
[Date "2024.05.07"]
[Round "10"]
[White "IMRosen"]
[Black "GrotBchess"]
[Result "1-0"]
[WhiteElo "2642"]
[BlackElo "2526"]
[TimeControl "180+1"]
[EndTime "15:57:36 PDT"]
[Termination "IMRosen won by checkmate"]

1. a4 e6 2. Ra3 Bxa3 3. Nxa3 Nf6 4. g3 d5 5. Bg2 b6 6. b3 Bb7 7. Bb2 Nbd7 8. e3 a6 9. Ne2 c5 10. O-O Qc7 11. Qa1 Rd8 12. h3 h6 13. d3 e5 14. Kh2 d4 15. e4 g5 16. Nc4 h5 17.
Bc1 Nh7 18. Bd2 Ndf8 19. Qc1 Ne6 20. Ng1 h4 21. Nf3 hxg3+ 22. fxg3 f6 23. Kg1 Nhf8 24. Nh2 Nd7 25. Ng4 Rf8 26. Qd1 Qc6 27. Nh6 Ng7 28. Qg4 Ke7 29. h4 Rde8 30. hxg5 Kd8 31. g6 Kc7 32. Rf2 Qe6 33. Nf5 Nxf5 34. exf5 Qe7 35. Bxb7 Kxb7 36. Qe4+ Kc7 37. g4 Rh8 38. b4 cxb4 39.
Rg2 Rh4 40. Qd5 Qc5 41. Qxc5+ bxc5 42. g5 Rg8 43. gxf6 Nxf6 44. Bg5 Rh5 45. Bxf6 Rxf5 46. Bxe5+ Kc6 47. g7 Kd5 48. Bh2 Rf7 49. Rg5+ Kc6 50. Be5 Re7 51. Kg2 Kd7 52. Kf3 Kc6 53. Ke4 Re6 54.
Rg1 Re7 55. Rg6+ Kb7 56. Nd6+ Ka7 57. Nf5 Ree8 58. Nh6 Rxg7 59. Rxg7+ Kb6 60. Nf5 Ka5 61. Nd6 Rb8 62. Ra7 Kxa4 63. Rxa6# 1-0

[Event "Late-Titled-Tuesday-Blitz-May-07-2024"]
[Site "Chess.com"]
[Date "2024.05.07"]
[Round "10"]
[White "Onthequiet"]
[Black "DonMicheleCorleone"]
[Result "1-0"]
[WhiteElo "2408"]
[BlackElo "2485"]
[TimeControl "180+1"]
[EndTime "15:57:36 PDT"]
[Termination "Onthequiet won by resignation"]

1. Nf3 d5 2. b3 Bg4 3. Bb2 Bxf3 4. gxf3 e6 5. f4 Nf6 6. e3 Nc6 7. a3 Qd6 8. Bb5 O-O-O 9. Bxf6 gxf6 10. Bxc6 Qxc6 11.
d4 Rg8 12. Qd2 e5 13. fxe5 fxe5 14. c3 Re8 15. Qd3 e4 16. Qe2 f5 17. c4 f4 18. Nc3 f3 19. Qf1 Rd8 20. Kd2 Rg2 21. Rg1 dxc4 22. Rxg2 fxg2 23. Qxg2 cxb3 24. Qxe4 Qf6 25.
Ke2 b2 26. Rb1 Bxa3 27. Nb5 Qa6 28. Qd3 Bd6 29. Rxb2 Rf8 30. Qxh7 c6 31. h4 cxb5 32. f4 b4+ 33. Kf3 Qc6+ 34. Qe4 Qxe4+ 35. Kxe4 Rh8 36.
Kd5 Kd7 37. f5 Rxh4 38. e4 a5 39. e5 Bc7 40. Rg2 Rh7 41. Kc4 Bd8 42. f6 Ke6 43. Re2 Rc7+ 44. Kb5 Rd7 45. Kc4 b5+ 46. Kd3 a4 47.
Ke4 b3 48. Rd2 a3 49. d5+ Rxd5 50. Rxd5 a2 51. Rd6+ Kf7 52. Kf5 a1=Q 53. e6+ Ke8 54. f7+ Ke7 55. Rd7+ Kf8 56. Rxd8+ Kg7 1-0

[Event "Late-Titled-Tuesday-Blitz-May-07-2024"]
[Site "Chess.com"]
[Date "2024.05.07"]
[Round "10"]
[White "Oleksandr_Bortnyk"]
[Black "Firouzja2003"]
[Result "0-1"]
[WhiteElo "3073"]
[BlackElo "3197"]
[TimeControl "180+1"]
[EndTime "15:57:37 PDT"]
[Termination "Firouzja2003 won by resignation"]

1. e4 c5 2. Be2 e6 3. d3 Nc6 4. f4 d5 5. Nf3 Bd6 6. c3 Nge7 7. e5 Bc7 8. Be3 d4 9. Bf2 Nd5 10. g3 O-O 11. O-O b6 12. cxd4 cxd4 13. Nxd4 Nxd4 14. Bxd4 Bb7 15. Nc3 b5 16. Qd2 Bb6 17. Bxb6 Qxb6+ 18. d4 Rad8 19. Nxb5 Ne7 20. Nd6 Rxd6 21. exd6 Nf5 22. Rad1 Rd8 23. Bf3 Ba6 24. Rfe1 Rxd6 25. Kg2 Nxd4 26.
Qc3 Nxf3 27. Kxf3 Bb7+ 28. Ke2 Ba6+ 29. Kf3 Bb7+ 30. Ke2 Rc6 31. Qd2 Rc8 32. Kf1 h5 33. Qe2 Ba6 34. Rd3 Bxd3 35. Qxd3 Qxb2 36. Re2 Qb7 37.
Kf2 Qh1 38. h4 Rc1 39. Qd8+ Kh7 40. Qd2 g6 41. Ke3 Qg1+ 42. Kf3 Rf1+ 43. Rf2 Rxf2+ 44. Qxf2 Qxf2+ 45. Kxf2 Kg7 46. Ke3 Kf6 47. Ke4 Ke7 48.
Kd4 Kd6 49. Kc4 f6 50. a4 e5 51. a5 a6 52. fxe5+ fxe5 53. Kd3 Kd5 54. Ke3 e4 55. Kf4 Kd4 56. Kg5 e3 57. g4 hxg4 58. h5 gxh5 0-1

[Event "Late-Titled-Tuesday-Blitz-May-07-2024"]
[Site "Chess.com"]
[Date "2024.05.07"]
[Round "10"]
[White "Zhigalko_Sergei"]
[Black "sofaceindisguise"]
[Result "0-1"]
[WhiteElo "2866"]
[BlackElo "2743"]
[TimeControl "180+1"]
[EndTime "15:57:37 PDT"]
[Termination "sofaceindisguise won on time"]

1. e4 e5 2. Nf3 Nc6 3. Bc4 Bc5 4. b4 Bxb4 5. c3 Be7 6. d4 exd4 7. Qb3 d5 8. Bxd5 Na5 9. Bxf7+ Kf8 10. Qa4 c6 11.
Bxg8 b5 12. Qd1 Kxg8 13. cxd4 h6 14. O-O Bg4 15. Nbd2 Bg5 16. h3 Bxd2 17. hxg4 Bxc1 18. Rxc1 Nc4 19. Ne5 Nxe5 20. dxe5 Qe8 21. f4 Kh7 22.
Qd6 Rc8 23. e6 Qg6 24. f5 Qxg4 25. Qe5 Rhd8 26. Rf3 Qg5 27. Rcf1 c5 28. Rg3 Qf6 29. Qxf6 gxf6 30. Rg6 c4 31. Rxf6 c3 32. e7 Re8 33.
Re6 c2 34. Rc1 Kg7 35. Kf2 Kf7 36. Rxh6 Rxe7 37. Rh7+ Kf6 38. Rxe7 Kxe7 39. Ke3 a5 40. Kd3 Rd8+ 41. Ke3 Rc8 42. e5 Rc5 43. Kd4 Rc4+ 44. Kd3 Rc5 45. Kd4 Rc4+ 46. Kd5 Rc3 47. g4 b4 48. g5 a4 49. Kd4 Rc8 50. f6+ Ke6 51. g6 b3 52. axb3 axb3 53. g7 Kf7 54. Kd5 Rd8+ 55. Ke4 b2 56. Rg1 b1=Q 57. g8=Q+ Rxg8 58. Rxb1 cxb1=Q+ 0-1

[Event "Late-Titled-Tuesday-Blitz-May-07-2024"]
[Site "Chess.com"]
[Date "2024.05.07"]
[Round "10"]
[White "EliteChess0967"]
[Black "Temirlan_Baltabaev"]
[Result "1/2-1/2"]
[WhiteElo "2427"]
[BlackElo "2559"]
[TimeControl "180+1"]
[EndTime "15:57:37 PDT"]
[Termination "Game drawn by repetition"]

1. d4 d5 2. Nf3 c6 3. c4 Nf6 4. e3 g6 5. Nc3 Bg7 6. Be2 O-O 7. O-O Bg4 8. b3 Bxf3 9. Bxf3 e6 10. Bb2 Nbd7 11. e4 e5 12. exd5 exd4 13. Qxd4 Nxd5 14. Qd2 Nxc3 15. Bxc3 Ne5 16. Be2 Qxd2 17.
Bxd2 Rad8 18. Rad1 Rfe8 19. Be3 b6 20. h3 c5 21. g4 Nc6 22. Bf3 Nd4 23. Bd5 Kf8 24. Kg2 f5 25. b4 Be5 26. bxc5 bxc5 27. Bh6+ Bg7 28. Bg5 Rb8 29. Rb1 Be5 30. Rfe1 Rxb1 31.
Rxb1 Rb8 32. Bh6+ Ke7 33. Rxb8 Bxb8 34. Bg5+ Kd7 35. Bf6 Nc2 36. Bg8 h5 37. gxh5 gxh5 38. Bf7 Nb4 39. Bxh5 Nxa2 40. Bf3 Nb4 41. h4 a5 42. h5 Ke6 43. Bb2 Bf4 44. Ba3 Kf6 45.
Kf1 Kg5 46. Ke2 Be5 47. Kd2 Bd4 48. Ke2 Kf6 49. Bxb4 cxb4 50. Bc6 Kg5 51. Be8 Bc5 52. Ba4 Kxh5 53. f3 Kg5 54. Bb3 Kf4 55. Ba4 Ke5 56.
Kd3 Bd4 57. Bb3 Bc5 58. Ba4 Bg1 59. Bb3 Kf4 60. Ke2 Bc5 61. Ba4 Kg3 62. Bb3 Kf4 1/2-1/2

[Event "Late-Titled-Tuesday-Blitz-May-07-2024"]
[Site "Chess.com"]
[Date "2024.05.07"]
[Round "10"]
[White "Hasangatin_Ramil"]
[Black "XDPS"]
[Result "1-0"]
[WhiteElo "2696"]
[BlackElo "2823"]
[TimeControl "180+1"]
[EndTime "15:57:38 PDT"]
[Termination "Hasangatin_Ramil won on time"]

1. e4 c5 2. Nf3 e6 3. g3 Nc6 4.
Bg2 Nf6 5. d3 d5 6. Qe2 Be7 7.
e5 Nd7 8. c4 d4 9. h4 h6 10. h5 Qc7 11. Bf4 b6 12. Na3 a6 13.
Nc2 Bb7 14. a3 b5 15. b3 Rb8 16. O-O Ba8 17. cxb5 axb5 18. a4 bxa4 19. bxa4 Na5 20. Na3 Bc6 21. Qc2 O-O 22. Rfb1 Rxb1+ 23. Rxb1 Rb8 24.
Nb5 Qd8 25. Nd2 Bxg2 26. Kxg2 Nb6 27. Ne4 Nd5 28. Bd2 Nc6 29. Nxc5 Nxe5 30. Nb3 Rc8 31.
Qb2 Nc3 32. Nxc3 dxc3 33. Bxc3 Qd5+ 34. Kh3 Nxd3 35. Qd2 Qxh5+ 36. Kg2 Qd5+ 37. Kg1 Bg5 38. f4 Be7 39. Bd4 Nb4 40. Bf2 Qf5 41. Rf1 Nd5 42.
Nd4 Qh3 43. Nf3 Bb4 44. Qd3 Ra8 45. Qb5 Qh5 46. Kg2 Ra5 47. Qe8+ Kh7 48. Ne5 Rxa4 49. Qxa4 Bd2 50. Qc2+ f5 51. Qxd2 Qe8 52. Qd1 Qa8 53. Qf3 Qa2 54. Re1 Qb3 55. Qxb3 1-0

[Event "Late-Titled-Tuesday-Blitz-May-07-2024"]
[Site "Chess.com"]
[Date "2024.05.07"]
[Round "10"]
[White "Hikaru"]
[Black "h4parah5"]
[Result "1-0"]
[WhiteElo "3231"]
[BlackElo "3028"]
[TimeControl "180+1"]
[EndTime "15:57:39 PDT"]
[Termination "Hikaru won by resignation"]

1. d4 Nf6 2. Bg5 e6 3. e4 h6 4. Bxf6 Qxf6 5. Nc3 b6 6. Qd2 Bb7 7. a3 Nc6 8. O-O-O O-O-O 9. g3 g5 10. Bg2 h5 11. f3 Kb8 12. Kb1 Bg7 13. e5 Qh6 14.
Ne4 f6 15. exf6 Bxf6 16. Ne2 h4 17. f4 gxf4 18. Nxf6 Qxf6 19. Nxf4 hxg3 20. hxg3 Rxh1 21. Bxh1 Qg5 22. Qc3 Ne7 23. Bxb7 Kxb7 24. Qf3+ c6 25. Ne2 Nf5 26. g4 Ne3 27. Rg1 Rg8 28. Nc3 Nc4 29. Ka2 Rg7 30. b3 Qe3 31. Qxe3 Nxe3 32. g5 Rg6 33.
Kb2 Nf5 34. Ne2 Rg7 35. c3 Kc7 36. a4 Kd6 37. Nf4 e5 38. dxe5+ Kxe5 39. Nh5 Rg6 40. Nf6 d5 41. Nh5 Nd6 42. Nf6 Ne4 43. Nh7 Rg7 44.
g6 c5 45. Nf8 Kf6 46. c4 Ke7 47.
Nh7 Kd6 48. cxd5 Kxd5 49. Kc2 Nd6 50. Nf6+ Ke5 51. Nh5 Rg8 52. g7 Nf5 53. Rg5 Ke6 54.
Rg6+ Ke5 55. Kd3 Nd4 56. Nf6 Rxg7 57. Rxg7 Kxf6 58. Rxa7 Nxb3 59. Rb7 Ke5 60. Rxb6 Kd5 61. Kc3 Na5 62. Rb5 Nc6 63. a5 Nd4 64. Rb6 1-0

[Event "Late-Titled-Tuesday-Blitz-May-07-2024"]
[Site "Chess.com"]
[Date "2024.05.07"]
[Round "10"]
[White "mishanick"]
[Black "MagnusCarlsen"]
[Result "0-1"]
[WhiteElo "3063"]
[BlackElo "3208"]
[TimeControl "180+1"]
[EndTime "15:57:42 PDT"]
[Termination "MagnusCarlsen won by checkmate"]

1. d4 Nf6 2. c4 g6 3. Nc3 Bg7 4. e4 d6 5. Bd3 e5 6. d5 Nbd7 7.
Nge2 h5 8. f3 Nc5 9. Bc2 a5 10.
Be3 Bh6 11. Bxh6 Rxh6 12. Qd2 Rh8 13. g3 Bd7 14. a3 a4 15. O-O-O Qe7 16. Kb1 Kd8 17.
h3 Kc8 18. g4 Be8 19. g5 Nfd7 20. h4 Nb6 21. Bd3 Rf8 22. Rdg1 Ra5 23. Nd1 Nb3 24. Qb4 f6 25. gxf6 Qxf6 26. Rg3 Rc5 27. Ne3 Kb8 28. Ka2 Qh8 29. Rf1 Rf6 30. Rg5 Qf8 31. Rg3 Na5 32.
Rf2 Rf4 33. Ng2 Rg4 34. Rh3 Naxc4 35. Qe1 Rxg2 36. Rxg2 Na5 37. Nc3 Nb3 38. Qe3 Bd7 39.
Rhg3 Qf4 40. Qxf4 exf4 41. Rxg6 Nc1+ 42. Kb1 Nxd3 43. Rh6 Nc4 44. Rxh5 Ncxb2 45. Rxb2 Rxc3 46. Rh2 Rb3+ 47. Ka2 Bb5 48. Rh8+ Ka7 49. Rc8 Bc4 50. Ka1 Rxa3+ 51. Kb1 Rb3+ 52. Ka1 Rc3 53. Rh1 a3 54.
Rxc7 Nb4 55. h5 Rc2 56. h6 Ra2+ 57. Kb1 Rb2+ 58. Kc1 Nd3+ 59. Kd1 Bb3+ 60. Rc2 Rxc2 61. h7 Rg2# 0-1

[Event "Late-Titled-Tuesday-Blitz-May-07-2024"]
[Site "Chess.com"]
[Date "2024.05.07"]
[Round "10"]
[White "howitzer14"]
[Black "GWR2024"]
[Result "1-0"]
[WhiteElo "3015"]
[BlackElo "2185"]
[TimeControl "180+1"]
[EndTime "15:57:47 PDT"]
[Termination "howitzer14 won by resignation"]

1. a3 e5 2. h3 d5 3. e3 Nf6 4. d3 Bd6 5. Nd2 Qe7 6. Ne2 c5 7. b3 Nc6 8. Bb2 O-O 9. g4 Be6 10. Bg2 h6 11. Ng3 Rfe8 12. Qe2 b5 13. Rg1 Rac8 14.
Nf5 Bxf5 15. gxf5 Kh8 16. Qf3 e4 17. dxe4 dxe4 18. Qe2 Be5 19. Bxe5 Qxe5 20. Rd1 a6 21. h4 Rcd8 22. Bh3 Nd5 23. Qg4 Nc3 24. Rc1 Rd6 25. Nb1 Red8 26. Kf1 Nxb1 27. Rxb1 Rd2 28. Rc1 Rg8 29. Kg2 Ne7 30. Qg3 Qf6 31. Kh1 Nd5 32. Rg2 Nc3 33. Qh2 Rgd8 34. Bg4 Qe7 35. Rcg1 Qf6 36. Bh5 Rg8 37. Bg4 Ne2 38. Bxe2 Rxe2 39.
Qf4 Rxc2 40. Qxe4 Rb2 41. b4 cxb4 42. axb4 Qd6 43. f3 Qxb4 44. Qxb4 Rxb4 45. Ra2 Rxh4+ 46. Kg2 b4 47. e4 Rb8 48. Rxa6 b3 49. Rb1 b2 50.
Ra2 Rh5 51. Rbxb2 Rg5+ 52. Kf2 Rxb2+ 53. Rxb2 g6 54. Rb7 gxf5 55. e5 f4 56. Rxf7 Rxe5 57. Rxf4 Rg5 58. Ra4 Kh7 59. f4 Rg7 60. Kf3 Rf7 61.
Ra6 Rg7 62. Ke4 Rg6 63. Ra7+ Rg7 64. Ra1 Rg1 65. Rxg1 1-0

[Event "Late-Titled-Tuesday-Blitz-May-07-2024"]
[Site "Chess.com"]
[Date "2024.05.07"]
[Round "10"]
[White "Dedic8"]
[Black "BogdanDeac"]
[Result "0-1"]
[WhiteElo "2891"]
[BlackElo "3117"]
[TimeControl "180+1"]
[EndTime "15:57:48 PDT"]
[Termination "BogdanDeac won by resignation"]

1. d4 Nf6 2. c4 e6 3. Nc3 Bb4 4.
e3 O-O 5. Bd3 d5 6. a3 dxc4 7.
Bxc4 Be7 8. Nf3 c5 9. O-O a6 10.
dxc5 Bxc5 11. Qe2 b5 12. Bd3 Bb7 13. b4 Be7 14. Bb2 Nbd7 15. Rfd1 Rc8 16. Ng5 h6 17. Nge4 Qc7 18. Rac1 Qb8 19. Bb1 Nb6 20. Qd3 g6 21.
Qd4 Nbd7 22. Nd6 Rc6 23. Nxb7 Rc4 24. Nd5 Rxd4 25. Nxe7+ Kh7 26. Rxd4 Qxb7 27. Rf4 e5 28. Rf3 Re8 29. Nf5 gxf5 30. Bxf5+ Kg7 31. Rd1 Qc7 32. Rg3+ Kf8 33. h3 Nb6 34. Rf3 Nc4 35. Bc3 Rd8 36. Rc1 Qd6 37. Rg3 Nd5 38. Ba1 Qf6 39. Be4 Ndb6 40.
Re1 Qe6 41. Bc3 Qd6 42. Bf5 Na4 43. Ba1 Qd2 44. Rf1 Qa2 45. Bh7 Ke7 46. f4 Rd2 47. fxe5 Nab2 48. Be4 Nxe5 49. Bf5 Nec4 50. Be4 Nd6 51.
Bc6 Qxa3 52. Bf3 Qxb4 53. Kh1 a5 54. Rg4 Qa3 55. Rb1 a4 56. Rd4 Rxd4 57. exd4 Nbc4 58. Re1+ Kf8 59. d5 Qb4 60. Rf1 Nb2 61. Rb1 a3 62. Bd1 Qc3 63. Bf3 b4 64. Be2 Qc2 65. Re1 Qd2 0-1

[Event "Late-Titled-Tuesday-Blitz-May-07-2024"]
[Site "Chess.com"]
[Date "2024.05.07"]
[Round "10"]
[White "finec2"]
[Black "Slovafn"]
[Result "1-0"]
[WhiteElo "2303"]
[BlackElo "2405"]
[TimeControl "180+1"]
[EndTime "15:57:50 PDT"]
[Termination "finec2 won on time"]

1. e4 c5 2. Nf3 d6 3. d4 cxd4 4. Qxd4 Nf6 5. Nc3 Nc6 6. Bb5 Bd7 7. Bxc6 Bxc6 8. Bg5 e6 9. O-O-O Be7 10. Rhe1 O-O 11. Qd2 Rc8 12. Nd4 Qa5 13. Kb1 Rfe8 14. f3 Kh8 15. g4 b5 16. h4 b4 17. Nce2 Qb6 18. Ng3 a5 19. Nh5 a4 20. Bxf6 Bxf6 21. Nxf6 gxf6 22. Qh6 Qd8 23. g5 Rg8 24. Qxf6+ Qxf6 25. gxf6 Rg6 26. Nxc6 Rxc6 27. e5 d5 28. Rd4 Rg2 29.
Rxb4 h5 30. c3 a3 31. bxa3 Rxc3 32. Rc1 Rxf3 33. Rb7 Rff2 34. Re1 Kg8 35. Rb8+ Kh7 36. Rf8 Kg6 37. Rg8+ Kf5 38. Rxg2 Rxg2 39. a4 Rg4 40.
Kb2 Rxa4 41. Kb3 Rxh4 42. a4 Rg4 43. a5 Rg8 44. Kb4 Rb8+ 45. Kc5 h4 46. a6 h3 47. a7 Ra8 48. Kb6 Kg4 49. Kb7 Rxa7+ 50. Kxa7 Kf3 51.
Rg1 h2 52. Rd1 d4 53. Kb6 Ke2 54. Rh1 d3 55. Rxh2+ Ke3 56. Rh1 d2 57. Kc5 Ke2 58. Kd6 d1=Q+ 59. Rxd1 Kxd1 60. Ke7 1-0

[Event "Late-Titled-Tuesday-Blitz-May-07-2024"]
[Site "Chess.com"]
[Date "2024.05.07"]
[Round "10"]
[White "FabianoCaruana"]
[Black "Abund"]
[Result "1-0"]
[WhiteElo "3065"]
[BlackElo "2777"]
[TimeControl "180+1"]
[EndTime "15:57:57 PDT"]
[Termination "FabianoCaruana won by resignation"]

1. e4 c6 2. d4 d5 3. f3 Qb6 4.
Nc3 dxe4 5. fxe4 e5 6. Nf3 exd4 7. Qxd4 Qxd4 8. Nxd4 Bd6 9. Be3 Nf6 10. O-O-O Ng4 11. Bg1 O-O 12. Kb1 Be5 13. Bd3 Re8 14. h3 Nf6 15. g4 Be6 16. Nxe6 Rxe6 17. Ne2 h6 18. Nd4 Bxd4 19. Bxd4 Nbd7 20. Rhe1 Ne5 21.
Bc3 Rd8 22. a4 Nf3 23. Re3 Ne5 24. Rf1 Nfd7 25. Be2 Rde8 26. a5 b5 27. b3 a6 28.
h4 Nc5 29. Bd4 Ned7 30. e5 Nb7 31. b4 Nxe5 32. g5 hxg5 33. hxg5 Nd6 34. Rh3 Ng6 35. Bf3 Nc4 36. Ka2 Nd2 37. Rf2 Nxf3 38. Rhxf3 R8e7 39.
Kb3 Rd7 40. c3 Re4 41. Rf5 Re6 42. Kc2 Re4 43. Kd2 Re5 44. Kd3 Rxf5 45. Rxf5 Ne7 46. Re5 Ng6 47. Re8+ Kh7 48. Ra8 Ne5+ 49. Ke4 Nc4 50.
Rxa6 Rc7 51. Ra8 Kg6 52. a6 Kxg5 53. a7 Nd6+ 54. Kd3 Nc8 55. c4 f5 56. Kc3 Kg4 57. Be5 Rxa7 58. Rxc8 Ra3+ 59. Kb2 Ra4 60. Kb3 Ra6 61. Bxg7 bxc4+ 62. Kxc4 f4 63. Kc5 f3 64. Bd4 Ra1 65. Bxa1 f2 66. Rf8 Kg3 67. Rxf2 Kxf2 68.
Kxc6 Ke3 69. b5 1-0

[Event "Late-Titled-Tuesday-Blitz-May-07-2024"]
[Site "Chess.com"]
[Date "2024.05.07"]
[Round "10"]
[White "BardArtem"]
[Black "JG-17"]
[Result "1/2-1/2"]
[WhiteElo "2778"]
[BlackElo "2579"]
[TimeControl "180+1"]
[EndTime "15:57:58 PDT"]
[Termination "Game drawn - insufficient material"]

1. e4 c5 2. c3 g6 3. d4 cxd4 4. cxd4 Bg7 5. Nc3 d6 6. Nf3 Nf6 7. Be2 O-O 8. O-O Nc6 9. d5 Nb8 10. Re1 Bg4 11. h3 Bxf3 12. Bxf3 Nbd7 13. Be3 Qa5 14. a3 Rac8 15. Bd4 Ne5 16. Be2 Nc4 17.
Bxc4 Rxc4 18. Qd3 Rfc8 19. Rad1 a6 20. e5 Nxd5 21. Qf3 Nxc3 22. Bxc3 Qc7 23. exd6 exd6 24.
Bxg7 Kxg7 25. Rd3 Rc1 26. Rxc1 Qxc1+ 27. Kh2 Qxb2 28. Rxd6 Qe5+ 29. Qg3 Qxg3+ 30. fxg3 Rc3 31. Rb6 Rc7 32. g4 Kf8 33. Kg3 Re7 34. Kf4 h6 35. h4 Ke8 36. h5 gxh5 37. gxh5 Kf8 38. Rxh6 b5 39. Rxa6 Kg7 40. g4 Re2 41. g5 Rf2+ 42. Kg3 Rb2 43. Ra7 Rb3+ 44. Kf4 Kg8 45. Kf5 Rf3+ 46. Ke5 Rb3 47. Kf4 b4 48. axb4 Rxb4+ 49. Kf5 Rb5+ 50. Kf6 Rb6+ 51. Ke7 Re6+ 52. Kd8 Re5 53. g6 fxg6 54. h6 g5 55. Rg7+ Kh8 56.
Kd7 g4 57. Kd6 Rh5 58. Rg6 Kh7 59. Rxg4 Rxh6+ 60. Ke7 Rg6 61. Rh4+ Kg7 62. Rf4 Rg5 63. Rf7+ Kg6 64. Rf6+ Kg7 65. Rf7+ Kg6 66. Rf8 Re5+ 67. Kd6 Rf5 68. Rxf5 Kxf5 1/2-1/2

[Event "Late-Titled-Tuesday-Blitz-May-07-2024"]
[Site "Chess.com"]
[Date "2024.05.07"]
[Round "10"]
[White "PenguinPacks"]
[Black "ChEsper99"]
[Result "1/2-1/2"]
[WhiteElo "2466"]
[BlackElo "2301"]
[TimeControl "180+1"]
[EndTime "15:57:58 PDT"]
[Termination "Game drawn - insufficient material"]

1. e4 c6 2. d4 d5 3. f3 g6 4.
Nc3 Bg7 5. Be3 Qa5 6. Qd2 Nf6 7.
h4 h5 8. O-O-O dxe4 9. fxe4 Ng4 10. Bg5 Nd7 11. Nf3 Ndf6 12. Kb1 Bd7 13. e5 Nd5 14. Nxd5 Qxd5 15. c4 Bf5+ 16. Ka1 Qd7 17. d5 cxd5 18. cxd5 O-O 19. Bc4 Nxe5 20. Bb3 Nxf3 21. gxf3 a5 22. Be3 a4 23. Bc4 b5 24. Be2 a3 25.
Bd4 axb2+ 26. Bxb2 Qa7 27. Bxg7 Kxg7 28. Bxb5 Rab8 29.
Bc4 Kg8 30. Rh2 Rfc8 31. Qd4 Qxd4+ 32. Rxd4 Rb4 33. d6 Rbxc4 34. Rxc4 Rxc4 35. dxe7 Rc8 36. Rd2 Re8 37. Rd8 Bd7 38. Rxd7 f6 39. Kb2 g5 40. hxg5 fxg5 41. Kc2 Kf7 42. Kd2 Rxe7 43. Rd5 Re6 44. Rxg5 Ra6 45. Rxh5 Rxa2+ 46. Ke3 Ra6 47. Kf4 Rb6 48.
Rh7+ Kf8 49. Rc7 Ra6 50. Kg4 Rb6 51. f4 Ra6 52. Kg5 Rb6 53. f5 Ra6 54. Rb7 Rc6 55. Ra7 Rb6 56. f6 Rb1 57. Kf4 Rf1+ 58. Ke5 Re1+ 59.
Kd4 Rd1+ 60. Ke3 Re1+ 61. Kf2 Rb1 62. Ra2 Rb6 63. Kg3 Rxf6 64. Kg4 Rf7 65. Kg5 Rg7+ 66. Kh6 Re7 67. Rf2+ Ke8 68. Ra2 Kd7 69. Kg6 Re6+ 70.
Kf5 Rb6 71. Ra5 Kc6 72. Ke5 Rb5+ 73. Rxb5 Kxb5 1/2-1/2